 Dungeon Crawl Stone Soup version 0.29.1-15-g9cfb28693d (webtiles) character file.

Game seed: 11248644868999056820

18 Ast3rio the Magician (level 2, -1/15 HPs)
             Began as a Deep Elf Air Elementalist on Mar 10, 2023.
             Slain by a goblin
             ... wielding a +0 dagger
              (2 damage)
             ... on level 1 of the Dungeon.
             The game lasted 00:03:06 (498 turns).

Ast3rio the Magician (Deep Elf Air Elementalist)     Turns: 498, Time: 00:03:06

Health: -1/15      AC:  2    Str:  5    XL:     2   Next: 51%
Magic:  2/8        EV: 12    Int: 19    God:
Gold:   32         SH:  0    Dex: 15    Spells: 4/7 levels left

rFire   . . .      SeeInvis .   (no weapon)
rCold   . . .      Faith    .   (no shield)
rNeg    . . .      Spirit   .   a - +0 robe
rPois   .          Reflect  .   (no helmet)
rElec   .          Harm     .   (no cloak)
rCorr   .          Rampage  .   (no gloves)
Will    .....                   (no boots)
Stlth   ++........              (no amulet)
HPRegen 0.05/turn               (no ring)
MPRegen 0.11/turn               (no ring)

@: no status effects
A: no striking features
a: no special abilities


You were on level 1 of the Dungeon.
You visited 1 branch of the dungeon, and saw 1 of its levels.

You collected 32 gold pieces.

Inventory:

Armour
 a - a +0 robe (worn)
Scrolls
 c - a scroll of fear {unknown}
 d - a scroll of identify {unknown}
 e - a scroll of blinking {unknown}
Potions
 b - a potion of magic


   Skills:
 + Level 2.6 Dodging
 + Level 2.4 Stealth
 + Level 3.4 Spellcasting
 + Level 1.2 Conjurations
 + Level 3.4 Air Magic


You had 4 spell levels left.
You knew the following spells:

 Your Spells              Type           Power      Damage    Failure   Level
a - Shock                 Conj/Air       48%        1d6       5%          1
b - Static Discharge      Conj/Air       12%        3-5/arc   9%          2

Your spell library contained the following spells:

 Spells                   Type           Power      Damage    Failure   Level
 Swiftness                Air            16%        N/A       11%         3
 Airstrike                Air            8%         2d(2-18)  34%         4


Dungeon Overview and Level Annotations

Branches:
Dungeon (1/15)

Altars:


Message History

Unknown command.
Casting: Shock (safe; 5% risk of failure)
Confirm with . or Enter, or press ? or * to list all spells.
You don't know that spell.
You hit the rat.
The rat is severely wounded.
The rat barely misses you.
You closely miss the rat.
The rat is severely wounded.
The rat barely misses you.
You hit the rat.
You kill the rat!
The goblin hits you with a +0 dagger. The goblin hits you but does no damage.
The goblin barely misses you. The goblin attacks as you move away!
The goblin hits you with a +0 dagger.
Found a scroll labelled PEALIU ZEPH.
You see here a ring of protection from fire.
Things that are here:
a +0 club; 4 stones; a kobold corpse The goblin attacks as you move away!
The goblin closely misses you.
Found 6 stones.
A dart slug comes into view.
Found 10 gold pieces.
Found a leather armour and 4 stones.
A quokka comes into view.
The quokka moves out of view.
The quokka bites you. The quokka bites you.
You miss the quokka. The quokka bites you.
* * * LOW HITPOINT WARNING * * *
The goblin hits you with a +0 dagger.
* * * LOW HITPOINT WARNING * * *
A goblin comes into view. It is wielding a +0 club.
You closely miss the quokka. The quokka barely misses you.
The goblin closely misses you.
The goblin shouts!
You hit the quokka but do no damage. The quokka misses you.
The goblin hits you with a +0 dagger.
You die...

# ###. ###
...#... ..
...#g## ...
.....
...##.#.#######
......#@#.(...#
#....gr$.##..#
...#....#.#.([.
.. #.........##
#..###.........
........#.##.##
...............
...............
#
#######........
.


You could see a quokka and 2 goblins.

Vanquished Creatures
  A dart slug (D:1)
  2 endoplasms (D:1)
  2 giant cockroaches (D:1)
  2 hobgoblins (D:1)
  3 kobolds (D:1)
  A quokka (D:1)
  2 ball pythons (D:1)
  2 rats (D:1)
15 creatures vanquished.

Notes
Turn   | Place    | Note
-------+----------+-------------------------------------------
     0 | D:1      | Ast3rio the Deep Elf Air Elementalist began the quest for
                  | the Orb.
     0 | D:1      | Reached XP level 1. HP: 10/10 MP: 6/6
   200 | D:1      | Reached XP level 2. HP: 15/15 MP: 2/8
   288 | D:1      | Learned a level 2 spell: Static Discharge
   345 | D:1      | Found a faded altar of an unknown god.
   498 | D:1      | Slain by a goblin

Illustrated notes

Levels and vault maps discovered:
D:1:      lightli_iron_boxes, layout_basic,
          shapermc_ecumenical_altar_mp_highgroup

Action                   || total
-------------------------++-------
Melee: Unarmed           ||     6
 Cast: Shock             ||    31
Armor: Robe              ||     2
Dodge: Dodged            ||    10
